Map: Acid Plant LE

Players

Mamba - Winner!

  • Race: Zerg Zerg
  • Spawn Location: 11:00

Denver

  • Race: Zerg Zerg
  • Spawn Location: 5:00

Event: WCS Valencia 2018

VOD

Have the link to the VOD?

Description

Time

  • Played on: July 12, 2018, 7:09 a.m.
  • Length: 8:53

All games in this series

Show
View Real Time Build Order
Export as new Build Order

Mamba Zerg - Winner!

Build Orders: Hatch First 

Get SALT Encoding   

  12  0:01  Drone  
  13  0:14  Overlord  
  13  0:17  Drone  
  14  0:32  Drone x2  
  16  0:36  Drone  
  17  0:52  Hatchery  
  17  0:54  Drone  
  17  0:58  Drone  
  18  1:06  Extractor  
  17  1:14  Spawning Pool  
  17  1:16  Drone  
  17  1:20  Drone  
  18  1:30  Drone  
  19  1:40  Overlord  
  19  1:52  Drone  
  20  2:01  Queen  
  20  2:02  Zergling x2  
  20  2:03  Queen  
  20  2:04  Zergling x2  
  20  2:06  Metabolic Boost  
  26  2:15  Drone x2  
  28  2:26  Drone x2  
  30  2:36  Hatchery  
  29  2:40  Drone  
  29  2:43  Drone  
  31  2:45  Drone  
  31  2:47  Drone  
  31  2:54  Baneling Nest  
  30  2:59  Overlord  
  30  3:02  Drone  
  31  3:06  Drone  
  31  3:12  Drone  
  33  3:13  Zergling x2  
  33  3:14  Zergling x2  
  33  3:19  Zergling x4  
  37  3:21  Zergling x4  
  37  3:24  Drone x2  
  41  3:31  Drone  
  42  3:35  Drone  
  42  3:37  Baneling  
  43  3:43  Evolution Chamber  
  43  3:46  Drone  
  43  3:49  Drone x4  
  43  3:50  Queen  
  43  3:51  Overlord  
  43  3:55  Overlord  
  49  3:58  Baneling x2  
  49  4:02  Overlord x2  
  48  4:11  Drone x5  
  48  4:14  Zerg Missile Weapons Level 1  
  51  4:18  Zergling x4  
  51  4:23  Zergling x6  
  55  4:27  Zergling x6  
  57  4:41  Zergling x10  
  57  4:42  Baneling x2  
  57  4:45  Extractor  
  60  4:47  Drone x2  
  60  4:54  Zergling x2  
  60  4:55  Zergling x8  
  55  5:08  Drone x8  
  55  5:12  Roach Warren  
  62  5:14  Queen  
  62  5:16  Lair  
  62  5:20  Drone x3  
  67  5:22  Extractor  
  67  5:28  Drone x2  
  68  5:32  Overlord  
  68  5:36  Baneling x2  
  68  5:37  Overlord x2  
  68  5:39  Drone x5  
  73  5:47  Overlord  
  65  5:53  Roach x2  
  65  5:55  Extractor  
  67  5:57  Extractor  
  67  5:58  Roach  
  67  6:02  Roach x5  
  78  6:09  Overlord  
  77  6:13  Glial Reconstitution  
  77  6:16  Overlord x2  
  77  6:21  Roach x2  
  81  6:28  Drone x6  
  81  6:32  Overlord  
  87  6:34  Drone x2  
  87  6:35  Drone x2  
  91  6:40  Roach  
  91  6:41  Roach  
  91  6:44  Roach  
  97  6:52  Roach x5  
  107  6:57  Roach  
  107  6:58  Roach  
  111  7:04  Roach x3  
  111  7:07  Hatchery  
  114  7:11  Overlord  
  114  7:12  Overlord  
  114  7:16  Roach x4  
  114  7:21  Overlord  
  120  7:27  Roach x4  
  128  7:30  Overlord  
  128  7:32  Ravager x2  
  128  7:33  Ravager x2  
  132  7:39  Roach x3  
  140  7:44  Roach x6  
  150  7:51  Roach  
  150  7:52  Roach x4  
  150  7:57  Overlord  
  150  7:58  Roach  
  162  8:02  Roach  
  164  8:07  Roach  
  166  8:14  Roach x6  
  166  8:19  Roach  
  188  8:20  Roach x5  
  188  8:25  Roach  
  172  8:32  Roach x3  
Show
View Real Time Build Order
Export as new Build Order

Denver Zerg 

Build Orders: Hatch First 

Get SALT Encoding   

  12  0:00  Drone  
  13  0:12  Overlord  
  13  0:17  Drone  
  14  0:31  Drone x2  
  14  0:35  Drone  
  17  0:52  Hatchery  
  17  0:56  Drone  
  17  0:59  Drone  
  18  1:09  Extractor  
  17  1:14  Spawning Pool  
  17  1:17  Drone  
  17  1:20  Drone  
  18  1:28  Drone  
  19  1:39  Overlord  
  19  1:49  Drone  
  20  2:00  Queen  
  23  2:01  Zergling x2  
  23  2:04  Zergling x2, Queen  
  26  2:10  Metabolic Boost  
  26  2:12  Drone  
  26  2:14  Drone  
  28  2:23  Drone  
  28  2:28  Drone  
  30  2:38  Hatchery  
  30  2:39  Drone  
  30  2:48  Drone x3  
  31  2:55  Baneling Nest, Drone  
  31  3:01  Overlord  
  31  3:06  Zergling x2  
  31  3:09  Drone  
  31  3:12  Zergling x4  
  35  3:13  Zergling x2  
  35  3:17  Overlord  
  36  3:21  Drone x2  
  36  3:26  Drone  
  39  3:30  Zergling x2, Evolution Chamber  
  39  3:31  Zergling x2  
  40  3:37  Queen  
  42  3:41  Drone x2  
  42  3:43  Baneling  
  42  3:44  Baneling  
  44  3:48  Zergling x4  
  44  3:49  Zergling x2  
  44  3:52  Drone  
  47  3:56  Drone  
  47  3:57  Zerg Missile Weapons Level 1  
  47  3:59  Drone  
  47  4:00  Extractor  
  48  4:05  Zergling x4  
  50  4:11  Zergling x2  
  50  4:12  Zergling x6  
  53  4:20  Drone  
  53  4:21  Drone  
  53  4:28  Roach Warren, Drone x4  
  55  4:33  Drone x2  
  55  4:35  Lair  
  55  4:38  Baneling  
  56  4:41  Zergling x4  
  57  4:51  Overlord  
  57  4:59  Zergling x8  
  58  5:00  Overlord  
  58  5:05  Baneling x2  
  53  5:08  Overlord, Drone x5  
  53  5:12  Extractor  
  53  5:14  Overlord  
  56  5:16  Overlord  
  56  5:18  Roach  
  58  5:22  Roach x3  
  58  5:24  Baneling x2  
  58  5:25  Roach  
  58  5:28  Overlord  
  66  5:33  Drone  
  66  5:34  Drone  
  68  5:39  Drone x5  
  73  5:44  Roach x3  
  76  5:51  Extractor, Drone x3  
  76  5:53  Glial Reconstitution  
  78  5:59  Drone x2  
  78  6:01  Baneling x2  
  78  6:02  Drone  
  81  6:07  Drone  
  81  6:09  Roach x3  
  81  6:12  Overlord  
  81  6:13  Zergling x2  
  81  6:14  Zergling x2  
  81  6:21  Drone x4  
  81  6:22  Drone x2  
  86  6:26  Zerg Missile Weapons Level 2  
  86  6:31  Roach x2  
  90  6:35  Drone x3  
  90  6:36  Overseer  
  93  6:40  Roach x2  
  93  6:44  Drone  
  93  6:45  Drone x3  
  98  6:48  Roach  
  98  6:53  Overlord  
  100  6:55  Roach x2  
  100  7:00  Roach x2  
  108  7:03  Overlord  
  108  7:06  Overlord  
  109  7:08  Roach x2  
  109  7:09  Roach  
  109  7:14  Roach x2  
  112  7:17  Overlord  
  112  7:19  Tunneling Claws  
  112  7:21  Roach  
  112  7:22  Roach  
  114  7:27  Roach  
  114  7:28  Roach x2  
  120  7:30  Roach  
  120  7:31  Roach  
  120  7:32  Drone  
  120  7:33  Drone  
  126  7:39  Overlord  
  126  7:43  Hatchery  
  125  7:46  Roach x3  
  125  7:51  Overseer  
  131  7:52  Extractor, Roach x2  
  131  7:53  Roach  
  131  7:55  Overlord  
  131  7:57  Overlord  
  136  8:00  Drone x2  
  136  8:04  Roach  
  136  8:05  Roach x2  
  144  8:08  Extractor, Overlord  
  144  8:09  Drone  
  144  8:10  Drone  
  145  8:19  Roach x3  
  147  8:23  Roach x2  
  129  8:27  Roach x2  
  129  8:28  Roach  
  129  8:32  Roach x2  
Tags
 
Add a new tag
Caveats
  • Supply blocks, unpowered buildings, or Contaminate may cause inaccurate times.
  • Supply counts are checked every 10 seconds.